 Dungeon Crawl Stone Soup version 0.29-a0-598-gd8304a5bf4 (webtiles) character file.

Game seed: 2762767073236363281

2393 vulpzor the Fighter (level 9, -2/91 (121) HPs)
             Began as a Minotaur Monk on June 16, 2022.
             Was a Priest of Ru.
             Slain by a deep troll (17 damage)
             ... on level 7 of the Dungeon.
             The game lasted 00:20:31 (6508 turns).

vulpzor the Fighter (Minotaur Monk)                 Turns: 6508, Time: 00:20:32

HP:   -2/91 (121)   AC:  8    Str: 20    XL:     9   Next: 22%
MP:   2/2           EV: 17    Int:  7    God:    Ru [***...]
Gold: 335           SH:  5    Dex: 20    Spells: 8/8 levels left

rFire   + . .      SeeInvis .   D - +11 spear of Revolt {antimagic, rElec Str+4 Dex+3 Stlth-}
rCold   x . .      Faith    .   u - orb {*Rage}
rNeg    + . .      Spirit   .   A - +3 leather armour "Deohoma" {-Tele +Inv rN+}
rPois   .          Reflect  +   (helmet restricted)
rElec   +          Harm     .   k - +0 cloak
rCorr   .          Rampage  .   (no gloves)
Will    .....      Rage     20% y - +0 pair of boots of the Trees {Stlth+}
Stlth   .......... NoTele   +   h - amulet of reflection
HPRegen 0.25/turn               d - ring of fire
MPRegen 0.08/turn               (no ring)

@: berserking, exhausted, heavily drained, very quick
A: horns 2, inability to train armour, weak-willed 1, retaliatory headbutt
a: Renounce Religion, Evoke Invisibility, Draw Out Power


You were on level 7 of the Dungeon.
You worshipped Ru.
Ru was most pleased with you.
You visited 1 branch of the dungeon, and saw 7 of its levels.

You collected 335 gold pieces.

Inventory:

Hand Weapons
 a - a +0 hand axe
 n - a +2 whip of draining
 D - the +11 spear of Revolt (weapon) {antimagic, rElec Str+4 Dex+3 Stlth-}
   (You found it on level 4 of the Dungeon)

   It reduces the magical energy of the wielder, and disrupts the spells and
   magical abilities of those it strikes.
   Natural abilities and divine invocations are not affected.
   Str:       It affects your strength (+4).
   Dex:       It affects your dexterity (+3).
   rElec:     It insulates you from electricity.
   Stlth:     It makes you less stealthy.
 G - a +1 flail of venom
 I - a +0 falchion of holy wrath
 J - a +1 short sword of speed
 L - a +1 mace of protection
 N - a +2 short sword of venom
 O - a +3 hunting sling
Missiles
 j - 5 boomerangs of dispersal (quivered)
Armour
 b - a +0 robe
 k - a +0 cloak (worn)
 o - a +0 leather armour
 s - a +1 scale mail of cold resistance
 u - an orb of wrath (worn)
 v - a +0 chain mail
 y - the +0 pair of boots of the Trees (worn) {Stlth+}
   (You found it on level 4 of the Dungeon)

   Stlth:     It makes you more stealthy.
 A - the +3 leather armour "Deohoma" (worn) {-Tele +Inv rN+}
   (You found it on level 4 of the Dungeon)

   rN:        It protects you from negative energy.
   +Inv:      It lets you turn invisible.
   -Tele:     It prevents most forms of teleportation.
 K - a +0 leather armour of willpower
Jewellery
 d - a ring of fire (left hand)
 h - an amulet of reflection (around neck)
Wands
 r - a wand of flame (14)
 H - a wand of polymorph (7)
 M - a wand of digging (6)
Scrolls
 e - 5 scrolls of noise
 l - 11 scrolls of identify
 m - a scroll of poison
 p - 4 scrolls of blinking
 q - a scroll of teleportation {unknown}
 w - a scroll of vulnerability {unknown}
 x - 2 scrolls of amnesia
 F - a scroll of enchant armour {unknown}
Potions
 c - a potion of ambrosia
 f - a potion of berserk rage
 g - a potion of lignification {unknown}
 i - a potion of magic
 t - a potion of flight {unknown}
 z - a potion of heal wounds {unknown}
 B - a potion of might {unknown}
 C - a potion of mutation {unknown}
 E - 4 potions of curing {unknown}
 P - a potion of brilliance {unknown}


   Skills:
 + Level 8.3 Fighting
 - Level 5.2(6.6) Axes
 + Level 6.2(7.1) Polearms
 + Level 7.6 Dodging
 + Level 5.8 Stealth


You had 8 spell levels left.
You didn't know any spells.
Your spell library was empty.

Dungeon Overview and Level Annotations

Branches:
Dungeon (7/15)             Temple (0/1) D:6

Altars:
Ashenzari
Fedhas
Okawaru
Ru
Sif Muna

Shops:
D:2 [[=(   D:6 [


Innate Abilities, Weirdness & Mutations

You have a pair of horns on your head.
You cannot train Armour skill.
You are slightly weak-willed. (Will-)
You reflexively headbutt those who attack you in melee.


Message History

You hit the deep troll. Your headbutt misses the deep troll.
The deep troll is lightly wounded.
You closely miss the deep troll. The deep troll completely misses you.
You furiously retaliate!
You headbutt the deep troll, but do no damage.
The deep troll completely misses you. The deep troll claws you!
* * * LOW HITPOINT WARNING * * *
The deep troll bites you but does no damage.
The deep troll closely misses you. The deep troll claws you.
* * * LOW HITPOINT WARNING * * *
You hit the deep troll.
The deep troll is lightly wounded.
The deep troll barely misses you. The deep troll claws you.
* * * LOW HITPOINT WARNING * * *
The deep troll claws you.
* * * LOW HITPOINT WARNING * * *
The deep troll bites you but does no damage.
You block the deep troll's attack. The deep troll claws you.
* * * LOW HITPOINT WARNING * * *
You are restored by drawing out deep reserves of power within.
You feel drained. The deep troll closely misses you.
The deep troll barely misses you. The deep troll closely misses you. x2
You furiously retaliate!
You headbutt the deep troll! The deep troll misses you.
The deep troll claws you!
* * * LOW HITPOINT WARNING * * *
Unknown command.
You hit the deep troll.
You headbutt the deep troll, but do no damage.
The deep troll is moderately wounded.
The deep troll misses you. You furiously retaliate!
You headbutt the deep troll! You block the deep troll's attack. x2
The deep troll is stunned by your conviction and fails to attack.
A red film seems to cover your vision as you go berserk!
You feel yourself moving faster!
You feel mighty!
You hit the deep troll.
The deep troll is moderately wounded.
You hit the deep troll but do no damage.
You headbutt the deep troll.
The deep troll is moderately wounded.
The deep troll bites you!
You die...

#...####.###..##
≈≈≈≈≈≈≈#.......###
#...####.........##
..................#
..................##
.#...#.............####
.#...###....#....#....####
.###.# #.#####..T#.......#
.....# #..## ##.@T...###.#
....####...# ######## #.##
.....##..### .....# #T.#
.#.........## ......###.#
.##.........# .......##.#
.....#.....## .....T....#
#...........## .......####
##...........## ......#
#.........##.# .....#


You could see 2 deep trolls.

Vanquished Creatures
  A deep troll (D:7)
  A steam dragon (D:7)
  A water moccasin (D:6)
  An orc warrior (D:7)
  A sky beast (D:6)
  An ice beast (D:6)
  A black bear (D:7)
  The ghost of Persephone the Shooter, an amateur MiHu (D:3)
  An ogre (D:6)
  2 phantoms
  A kobold brigand (D:7)
  A bullfrog (D:7)
  A necrophage (D:6)
  A scorpion (D:6)
  A howler monkey (D:6)
  3 hounds
  2 jellies
  An orc priest (D:5)
  3 iguanas
  Terence (D:2)
  A gnoll shaman (D:7)
  5 orc wizards
  Natasha (D:3)
  6 gnolls
  2 adders
  2 ufetubi
  3 worms
  3 dart slugs
  32 orcs
  11 ball pythons
  3 bats
  9 endoplasms
  3 giant cockroaches
  6 goblins
  10 hobgoblins
  11 kobolds
  A quokka (D:5)
  A frilled lizard (D:1)
  9 rats
145 creatures vanquished.

Vanquished Creatures (others)
  A plant (D:3)
  3 withered plants (D:3)
4 creatures vanquished.

Grand Total: 149 creatures vanquished

Notes
Turn   | Place    | Note
-------+----------+-------------------------------------------
     0 | D:1      | vulpzor the Minotaur Monk began the quest for the Orb.
     0 | D:1      | Reached XP level 1. HP: 19/19 MP: 0/0
   313 | D:1      | Reached XP level 2. HP: 27/27 MP: 1/1
   626 | D:1      | Reached skill level 4 in Fighting
   711 | D:1      | Reached XP level 3. HP: 25/33 MP: 2/2
  1042 | D:2      | Found Riegeiludd's Antique Weapon Shop.
  1373 | D:2      | Noticed Terence
  1383 | D:2      | Killed Terence
  1384 | D:2      | Reached XP level 4. HP: 27/41 MP: 3/3
  1539 | D:2      | Found Azxiosar's Armour Shoppe.
  1561 | D:2      | Found Wuxkuwk's Antique Armour Boutique.
  1588 | D:2      | Found Zeall's Jewellery Shoppe.
  2082 | D:3      | Found a runed translucent door.
  2084 | D:3      | Noticed Persephone's ghost (amateur MiHu)
  2104 | D:3      | Killed Persephone's ghost
  2105 | D:3      | Reached XP level 5. HP: 9/47 MP: 4/4
  2110 | D:3      | Found a runed translucent door.
  2611 | D:3      | Found a faded altar of an unknown god.
  2647 | D:3      | Prayed at the altar of an unknown god.
  2647 | D:3      | Became a worshipper of Ru the Awakened
  2669 | D:3      | Gained mutation: You are slightly weak-willed. (Will-) [Ru
                  | sacrifice]
  2669 | D:3      | Reached * piety under Ru
  2825 | D:3      | Noticed Natasha
  2830 | D:3      | Killed Natasha
  2831 | D:3      | Reached skill level 5 in Fighting
  2831 | D:3      | Reached skill level 5 in Axes
  3325 | D:4      | Identified the +0 pair of boots of the Trees {Stlth+}
  3334 | D:4      | Identified the +3 leather armour "Deohoma" {-Tele +Inv rN+}
  3518 | D:4      | Reached XP level 6. HP: 52/56 MP: 5/5
  3761 | D:4      | Identified the +11 spear of Revolt {antimagic, rElec Str+4
                  | Dex+3 Stlth-}
  4022 | D:5      | Entered Level 5 of the Dungeon
  4048 | D:5      | Reached skill level 1 in Polearms
  4162 | D:5      | Reached skill level 5 in Dodging
  4338 | D:5      | Reached XP level 7. HP: 61/62 MP: 2/6
  4712 | D:5      | Gained mutation: You cannot train Armour skill. [Ru
                  | sacrifice]
  4712 | D:5      | Reached ** piety under Ru
  4712 | D:5      | Reached *** piety under Ru
  4868 | D:6      | Reached skill level 6 in Fighting
  4945 | D:6      | Found Nisopsi's Armour Shoppe.
  4979 | D:6      | Found a staircase to the Ecumenical Temple.
  5069 | D:6      | Reached XP level 8. HP: 71/71 MP: 2/7
  5086 | D:6      | Found an iron altar of Okawaru.
  5130 | D:6      | Found a broken altar of Ashenzari.
  5505 | D:6      | Found a blossoming altar of Fedhas.
  5538 | D:6      | Found a shimmering blue altar of Sif Muna.
  5695 | D:7      | Reached skill level 7 in Fighting
  5847 | D:7      | Reached skill level 5 in Stealth
  6014 | D:7      | Reached skill level 5 in Polearms
  6305 | D:7      | Noticed a deep troll
  6305 | D:7      | Noticed a deep troll
  6321 | D:7      | Killed a deep troll
  6322 | D:7      | Reached skill level 8 in Fighting
  6322 | D:7      | Reached XP level 9. HP: 68/81 MP: 2/8
  6480 | D:7      | Noticed a deep troll
  6504 | D:7      | HP: 1/65 [deep troll (4)]
  6508 | D:7      | Slain by a deep troll

Illustrated notes

Levels and vault maps discovered:
D:1:      matt_arrival_grand_opening, layout_basic, minmay_misc_feat_x,
          minmay_surrounded
D:2:      layout_basic, serial_shops, shop, nicolae_diamond_shop, shop, shop,
          dk_noncrumbling_3, uniq_terence
D:3:      layout_loops_corners, ebering_ghost_sewer_f,
          shapermc_ecumenical_altar_flowoftime, uniq_natasha
D:4:      nicolae_cairo_tiling_very_big, layout_basic,
          nicolae_overflow_hidden_temple
D:5:      layout_basic, lightli_corner_chamber
D:6:      layout_loops_ring, nicolae_overflow_quartered_altars,
          minmay_temple_entry_stoned_glass, serial_shops, nicolae_shop_stone
D:7:      layout_cave_pools, chequers_serial_rivers_micro_a,
          hellmonk_guarded_unrand_vitality_bloodlust

Skill      XL: |  1  2  3  4  5  6  7  8 |
---------------+-------------------------+-----
Stealth        | 2 3 4 5 |  5.8
Fighting       | 4 5 6 8 |  8.3
Axes           | 4 5 |  5.2
Dodging        | 4 5 6 7 |  7.6
Polearms       | 2 3 6 |  6.2

Action                   |  1- 3 |  4- 6 |  7- 9 || total
-------------------------+-------+-------+-------++-------
Melee: Hand axe          |    46 |       |       ||    46
       Headbutt          |    14 |    23 |    20 ||    57
       Whip              |    45 |    98 |       ||   143
       Spear             |       |    34 |   116 ||   150
Invok: Sacrifice Essence |       |     1 |       ||     1
       Sacrifice Durabil |       |       |     1 ||     1
       Draw Out Power    |       |       |     1 ||     1
  Use: Scroll            |     3 |     3 |       ||     6
       Potion            |       |     1 |       ||     1
 Stab: Sleeping          |     8 |     5 |     1 ||    14
Armor: Robe              |     7 |       |       ||     7
       Leather armour    |     6 |     5 |    15 ||    26
       Scale mail        |       |    14 |       ||    14
Dodge: Dodged            |    36 |    38 |    59 ||   133
Block: Other             |    16 |     3 |       ||    19
       Reflection        |     1 |       |       ||     1
       Orb               |       |    19 |    27 ||    46

Table legend: (Time is in decaauts)
 A = Elapsed time spent in this place.
 B = Non-inter-level travel time spent in this place.
 C = Inter-level travel time spent in this place.
 D = Time resting spent in this place.
 E = Time spent auto-exploring this place.
 F = Levels seen in this place.
 G = Mean time per level.
                   A        B        C        D        E       F      G
               +--------+--------+--------+--------+--------+-----+--------+
         Total |   6703 |   6703 |      0 |    501 |   4632 |   7 |  957.6 |
       Dungeon |   6703 |   6703 |      0 |    501 |   4632 |   7 |  957.6 |
               +--------+--------+--------+--------+--------+-----+--------+

Top non-repeatable levels by time:
     D:3: 1369 daAuts
     D:2: 1092 daAuts
     D:7: 933 daAuts
     D:1: 885 daAuts
     D:5: 850 daAuts
     D:6: 807 daAuts
     D:4: 763 daAuts
